 Dungeon Crawl Stone Soup version 0.17.1-3-g152610e (webtiles) character file.

736 MrTails the Chopper (level 7, -4/56 HPs)
             Began as a Demonspawn Gladiator on Feb 21, 2016.
             Slain by a centaur (6 damage)
             ... on level 5 of the Dungeon.
             The game lasted 00:12:40 (4100 turns).

MrTails the Chopper (Demonspawn Gladiator)          Turns: 4100, Time: 00:12:42

Health: -4/56      AC: 13    Str: 17    XL:     7   Next: 46%
Magic:  0/7        EV:  8    Int: 10    God:
Gold:   126        SH:  0    Dex: 13    Spells: 0 memorised, 6 levels left

rFire  + . .     SeeInvis .     a - +1 war axe
rCold  x . .     Clarity  .     u - +0 chain mail
rNeg   . . .     SustAt   .     (no shield)
rPois  .         Gourm    +     (helmet restricted)
rElec  .         Spirit   +     r - +2 cloak
rCorr  .         Warding  .     (no gloves)
rMut   .         Stasis   .     (no boots)
MR     .....                    v - amulet of the gourmand
Stlth  ..........               (no ring)
                                p - ring of fire

@: not resistant to hostile enchantments, extremely unstealthy
A: antennae 1, rugged brown scales 1, magic shield
a: no special abilities


You were on level 5 of the Dungeon.
You were very full.

You visited 1 branch of the dungeon, and saw 5 of its levels.

You collected 126 gold pieces.

Inventory:

Hand Weapons
 a - a +1 war axe (weapon)
Missiles
 d - 3 throwing nets (quivered)
Armour
 b - a +0 leather armour
 c - a +0 helmet
 f - a +1 pair of gloves
 o - a +0 scale mail
 r - a +2 cloak (worn)
 u - a +0 chain mail (worn)
Jewellery
 p - a ring of fire (left hand)
 v - an amulet of the gourmand (around neck)
Scrolls
 g - a scroll of teleportation {unknown}
 j - a scroll of fear
 s - a scroll of remove curse
 t - 2 scrolls of random uselessness {unknown}
Potions
 h - a potion of curing {unknown}
 i - a potion of invisibility
 n - 5 potions of agility
 w - a potion of ambrosia {unknown}
 A - a potion of heal wounds
Comestibles
 e - 2 bread rations
 k - a royal jelly
 l - 2 meat rations


   Skills:
 + Level 4.4 Fighting
 * Level 6.1 Axes
 - Level 1.7 Throwing
 + Level 3.3 Armour
 - Level 2.6 Dodging


You had 6 spell levels left.
You didn't know any spells.

Dungeon Overview and Level Annotations

Branches:
Dungeon (5/15)
 Temple: D:4-7

Altars:
Elyvilon

Annotations:
D:5 Dowan


Innate Abilities, Weirdness & Mutations

You have a pair of small antennae on your head.
You are partially covered in rugged brown scales (AC +1, +3% HP).
When hurt, damage is shared between your health and your magic reserves.


Message History

You are too injured to fight recklessly!
Unknown command.
You are too injured to fight recklessly!
You slash Dowan!
Dowan is moderately wounded.
You hit the centaur but do no damage.
The centaur is severely wounded.
The centaur hits you.
* * * LOW HITPOINT WARNING * * *
Dowan hits you but does no damage. The centaur hits you!
* * * LOW HITPOINT WARNING * * *
Dowan hits you but does no damage.
You closely miss the centaur.
The centaur is severely wounded.
You barely miss Dowan.
Dowan is moderately wounded.
The centaur hits you.
* * * LOW HITPOINT WARNING * * *
Dowan hits you but does no damage. The centaur hits you!
You die...

.# #.# # #.# #.
... #.# #.# ##
..##(##.#
#c#.#.# #@e.#
##(## #.# #.#
#.# #.##
####..##
#......##
#.#...#.#######


You could see Dowan and a centaur.

Vanquished Creatures
  Duvessa (D:5)
  A centaur (D:5)
  An ogre (D:5)
  A scorpion (D:5)
  An orc priest (D:4)
  A giant frog skeleton (D:4)
  2 orc wizards (D:4)
  2 iguanas
  A worker ant (D:4)
  A hound skeleton (D:5)
  8 gnolls
  5 adders
  2 oozes
  3 worms
  2 giant geckos
  5 orcs
  6 bats
  10 goblins
  9 hobgoblins
  10 jackals
  9 kobolds
  3 giant cockroaches
  A giant gecko skeleton (D:4)
  A giant gecko zombie (D:1)
  6 giant newts
  9 rats
101 creatures vanquished.

Vanquished Creatures (others)
  A quokka (D:3)
1 creature vanquished.

Grand Total: 102 creatures vanquished

Notes
Turn   | Place    | Note
--------------------------------------------------------------
     0 | D:1      | MrTails the Demonspawn Gladiator began the quest for the Orb.
     0 | D:1      | Reached XP level 1. HP: 16/16 MP: 1/1
    86 | D:1      | Gained mutation: You have a pair of small antennae on your head. [demonic ancestry]
    86 | D:1      | Reached XP level 2. HP: 11/22 MP: 2/2
   264 | D:1      | Reached skill level 3 in Axes
   604 | D:1      | Reached skill level 1 in Armour
   758 | D:1      | Reached XP level 3. HP: 21/28 MP: 3/3
  1634 | D:2      | Gained mutation: When hurt, damage is shared between your health and your magic reserves. [demonic ancestry]
  1634 | D:2      | Reached XP level 4. HP: 34/34 MP: 4/4
  2177 | D:3      | Reached skill level 4 in Axes
  2313 | D:3      | Found a white marble altar of Elyvilon.
  2600 | D:4      | Reached XP level 5. HP: 39/41 MP: 5/5
  3350 | D:4      | Gained mutation: You are partially covered in rugged brown scales (AC +1, +3% HP). [demonic ancestry]
  3350 | D:4      | Reached XP level 6. HP: 40/48 MP: 6/6
  3402 | D:4      | Reached skill level 5 in Axes
  3651 | D:5      | Entered Level 5 of the Dungeon
  3895 | D:5      | Reached XP level 7. HP: 34/55 MP: 5/7
  4070 | D:5      | Noticed Duvessa
  4082 | D:5      | Noticed Dowan
  4088 | D:5      | Killed Duvessa
  4088 | D:5      | Reached skill level 6 in Axes
  4100 | D:5      | HP: 2/56 [centaur (6)]
  4100 | D:5      | Slain by a centaur

Action                   |  1- 3 |  4- 6 |  7- 9 || total
-------------------------+-------+-------+-------++-------
Melee: War axe           |   135 |   218 |    33 ||   386
  Use: Scroll            |       |    10 |       ||    10
 Stab: Sleeping          |     1 |       |       ||     1
  Eat: Chunk             |     3 |    10 |     3 ||    16
       Meat ration       |       |     1 |       ||     1
